 Dungeon Crawl Stone Soup version 0.21.1-1-g345015f (webtiles) character file.

46206 Lejonmanen the Thaumaturge (level 14, -3/118 HPs)
             Began as a White Draconian Wizard on Feb 16, 2018.
             Was the Champion of Qazlal.
             Slain by batai666's ghost (10 damage)
             ... on level 4 of the Lair of Beasts on Feb 23, 2018.
             The game lasted 07:02:17 (24272 turns).

Lejonmanen the Thaumaturge (DrWz)                  Turns: 24272, Time: 07:02:18

Health: -3/118     AC: 16    Str: 14    XL:     14   Next: 4%
Magic:  15/39      EV: 14    Int: 21    God:    Qazlal [******]
Gold:   150        SH:  8    Dex: 10    Spells: 2/38 levels left

rFire    . . .     SeeInvis .   b - +4 long sword (holy)
rCold    + . .     Gourm    .   (no shield)
rNeg     . . .     Faith    .   (armour unavailable)
rPois    .         Spirit   .   t - +2 hat
rElec    .         Reflect  .   h - +0 cloak
rCorr    .         Harm     .   l - +1 pair of gloves
MR       +....                  (no boots)
Stlth    +.........             Y - amulet of magic regeneration
HPRegen  1.29/turn              v - ring of magical power
MPRegen  0.51/turn              s - +4 ring of strength

@: protected from physical damage, regenerating, repel missiles
A: breathe frost, unfitting armour, beak, stinger 1, blink, clumsy 1, cold
resistance 1, cold-blooded, AC +8
a: Breathe Frost, Blink, Upheaval, Elemental Force, Disaster Area, Renounce
Religion


You were on level 4 of the Lair of Beasts.
You worshipped Qazlal.
Qazlal was exalted by your worship.
You were not hungry.

You visited 4 branches of the dungeon, and saw 22 of its levels.

You collected 1960 gold pieces.
You spent 1810 gold pieces at shops.

Inventory:

Hand Weapons
 a - a +2 scimitar of flaming
 b - a +4 long sword of holy wrath (weapon)
Missiles
 k - 4 exploding tomahawks (quivered)
Armour
 h - a +0 cloak (worn)
 l - a +1 pair of gloves (worn)
 t - a +2 hat (worn)
 u - a +0 shield
Magical Staves
 c - an uncursed staff of wizardry
 d - an uncursed staff of death
 e - an uncursed staff of poison
Jewellery
 i - an uncursed ring of fire
 s - a +4 ring of strength (right hand)
 v - a ring of magical power (left hand)
 D - an uncursed ring of protection from cold
 H - a +1 ring of protection
 K - an uncursed ring of wizardry
 P - an uncursed ring of protection from cold
 W - the amulet "Mearoi" {Harm *Drain rN+}
   (You found it on level 12 of the Dungeon)

   [amulet of harm]

   It increases damage dealt and taken.
   It protects you from negative energy.
   It causes draining when unequipped.
 Y - an amulet of magic regeneration (around neck)
Wands
 w - a wand of iceblast (7)
 O - a wand of acid (11)
 V - a wand of random effects (21)
Scrolls
 j - a scroll of enchant weapon
 n - 5 scrolls of teleportation
 A - 2 scrolls of amnesia
 B - 4 scrolls of identify
 S - 3 scrolls of remove curse
 T - 3 scrolls of fog
Potions
 g - 4 potions of curing
 p - 4 potions of magic
 x - 3 potions of mutation
 z - a potion of brilliance
 E - a potion of lignification {unknown}
 J - 3 potions of might
 R - a potion of flight
 X - a potion of cancellation
Books
 f - a book of Transfigurations

   Spells                             Type                      Level
   a - Irradiate                      Conjuration/Transmutation    5
   b - Statue Form                    Transmutation/Earth          6
   c - Hydra Form                     Transmutation                6
   d - Dragon Form                    Transmutation                7
 m - a book of Conjurations

   Spells                             Type                      Level
   a - Magic Dart                     Conjuration                  1
   b - Searing Ray                    Conjuration                  2
   c - Dazzling Spray                 Conjuration/Hexes            3
   d - Fulminant Prism                Conjuration/Hexes            4
   e - Force Lance                    Conjuration/Translocation    4
   f - Iskenderun's Mystic Blast      Conjuration                  4
 q - a book of Battle

   Spells                             Type                      Level
   a - Infusion                       Charms                       1
   b - Shroud of Golubria             Charms/Translocation         2
   c - Song of Slaying                Charms                       2
   d - Spectral Weapon                Hexes/Charms                 3
   e - Regeneration                   Charms/Necromancy            3
 y - a book of Beasts

   Spells                             Type                      Level
   a - Summon Butterflies             Summoning                    1
   b - Call Canine Familiar           Summoning                    3
   c - Summon Ice Beast               Ice/Summoning                4
   d - Summon Mana Viper              Hexes/Summoning              5
   e - Summon Hydra                   Summoning                    7
Miscellaneous
 o - a crystal ball of energy
 r - a lightning rod (1/4)
 G - a lamp of fire
 I - a phial of floods
 U - a sack of spiders
Comestibles
 C - a chunk of flesh
 N - 25 rations


   Skills:
 + Level 9.1 Fighting
   Level 1.0(6.1) Short Blades
 + Level 9.6(9.7) Long Blades
   Level 1.7(2.5) Axes
   Level 2.9(3.1) Maces & Flails
 + Level 6.4 Dodging
 - Level 1.7 Stealth
 + Level 2.4 Shields
 + Level 12.8 Spellcasting
 + Level 7.6 Conjurations
 - Level 1.0 Hexes
 - Level 3.0 Charms
 - Level 3.0 Summonings
 - Level 3.5 Necromancy
 - Level 3.5 Translocations
 * Level 2.3 Fire Magic
 - Level 3.0 Ice Magic
 - Level 5.0 Air Magic
 - Level 5.3 Poison Magic
 - Level 3.3 Invocations
 - Level 2.0 Evocations


You had 2 spell levels left.
You knew the following spells:

 Your Spells              Type           Power        Failure   Level  Hunger
a - Magic Dart            Conj           ####         1%          1    None
b - Blink                 Tloc           N/A          1%          2    None
c - Mephitic Cloud        Conj/Pois/Air  #####...     1%          3    None
d - Iskenderun's Mystic   Conj           #####...     1%          4    None
e - Spectral Weapon       Hex/Chrm       ###.....     6%          3    None
f - Summon Ice Beast      Ice/Summ       ####....     14%         4    None
g - Searing Ray           Conj           #####.       1%          2    None
h - Conjure Flame         Conj/Fire      ####....     1%          3    None
i - Sticky Flame          Conj/Fire      ####....     6%          4    None
j - Irradiate             Conj/Tmut      ####......   28%         5    ####...
A - Shroud of Golubria    Chrm/Tloc      ####......   1%          2    None
B - Regeneration          Chrm/Necr      ####......   3%          3    None


Dungeon Overview and Level Annotations

Branches:
Dungeon (13/15)            Temple (1/1) D:6            Lair (6/6) D:11
 Spider (0/4) Lair:3        Slime (0/5) Lair:5          Orc (2/2) D:9
    Elf (0/3) Orc:2
  Swamp: Lair:2-4    Shoals: Lair:2-4    Vaults: D:13-14

Altars:
Ashenzari
Cheibriados
Dithmenos
Elyvilon
Fedhas
Gozag
Hepliaklqana
Kikubaaqudgha
Makhleb
Nemelex Xobeh
Okawaru
Qazlal
Ru
Sif Muna
Trog
Uskayaw
Vehumet
Wu Jian
Xom
Yredelemnul
Zin
The Shining One
Beogh

Shops:
D:5 [   D:10 *   D:12 !   Orc:2 *%}:

Annotations:
D:7 ugly thing, death knight
D:13 Azrael
Lair:4 batai666's ghost, journeyman GrEE
Lair:6 Kirke
Orc:2 stash by north book shop


Innate Abilities, Weirdness & Mutations

You can breathe waves of freezing cold.
You can buffet flying creatures when you breathe cold.
Your icy white scales are hard. (AC +8)
You cannot fit into any form of body armour.
Your flesh is cold resistant. (rC+)
You are cold-blooded and may be slowed by cold attacks.
You have a beak for a mouth.
Your tail ends in a poisonous barb.
You can translocate small distances at will.
You are clumsy. (Dex -2)


Message History

Batai666's ghost casts a spell at you. The stone arrow hits you!
* * * LOW HITPOINT WARNING * * *
Okay, then.
Evoke which item? (* to show all) (? for menu, Esc to quit)
Aiming: Thunderbolt
Press: ? - help, Shift-Dir - straight line, f/p - batai666's ghost
Aim: batai666's ghost, wielding a weapon of protection (heavily damaged)
The thunderbolt hits batai666's ghost.
Batai666's ghost appears unharmed.
Batai666's ghost is heavily damaged.
Batai666's ghost hits you!
* * * LOW HITPOINT WARNING * * *
Evoke which item? (* to show all) (? for menu, Esc to quit)
Aiming: Thunderbolt
Press: ? - help, Shift-Dir - straight line, f/p - batai666's ghost
Aim: batai666's ghost, wielding a weapon of protection (heavily damaged)
The thunderbolt hits batai666's ghost.
Batai666's ghost resists.
Batai666's ghost is heavily damaged.
Batai666's ghost hits you!
You die...

#.......P# #.......##
#........# ####.#...#
###...# ###....## ..#
#..§.§## ...
##.§W.#.## ...
#####...@§##.# #.#
#.##...§.§.### #..###
#......§.§§#
#...###..........#
#................#
####...............##
P#.....#.....##.....#
.....######...##...##
...P## #......##.#


You could see batai666's ghost.

Vanquished Creatures
  An orc warlord (Orc:2)
  A stone giant (Orc:2)
  The ghost of Autsider the Destroyer, a journeyman GrFE of Vehumet (Orc:1)
  2 hydras
  Erolcha (D:11)
  The ghost of inc the Spry, a journeyman FeCK of Zin (Lair:5)
  2 two-headed ogres
  Urug (D:11)
  4 orc high priests (Orc:2)
  3 orc knights (Orc:2)
  A wolf spider zombie (D:12)
  3 ugly things
  4 orc sorcerers (Orc:2)
  A manticore (D:7)
  3 black mambas
  8 elephants
  A centaur skeleton (D:11)
  A gargoyle (D:10)
  6 spiny frogs
  A rime drake (Lair:3)
  A demonic crawler (Lair:2)
  3 komodo dragons
  A harpy zombie (D:13)
  5 trolls
  5 blink frogs (Lair:1)
  11 hippogriffs
  A slime creature (Lair:5)
  A wraith (D:12)
  2 wyverns
  A hog (Lair:5)
  A basilisk (Lair:3)
  A hungry ghost (D:8)
  9 yaks
  A fire elemental (D:13)
  A steam dragon (D:8)
  2 insubstantial wisps (D:8)
  2 wargs
  A soldier ant (D:12)
  5 water moccasins
  4 hell hounds
  2 porcupines (Lair:2)
  2 ice beasts
  48 orc warriors
  3 black bears
  4 sky beasts
  2 eyes of draining
  17 wolves
  18 ogres
  2 phantoms
  6 centaurs
  9 crocodiles
  3 big kobolds
  10 bullfrogs
  4 gnoll sergeants (D:8)
  9 scorpions
  10 killer bees
  3 howler monkeys
  9 jellies
  A bullfrog zombie (D:12)
  4 crimson imps
  A quasit (D:7)
  10 hounds
  2 centaur zombies
  41 orc priests
  3 bullfrog skeletons
  32 orc wizards
  2 gnoll shamans
  14 worker ants
  Natasha (thrice) (D:2)
  3 iguanas
  The ghost of Mirai the Conjurer, a weakling DECj (D:3)
  Robin (D:3)
  A howler monkey skeleton (D:7)
  13 gnolls
  2 worker ant zombies
  11 adders
  5 shadow imps
  12 white imps (Orc:1)
  An ooze (D:1)
  An adder zombie (D:7)
  4 worms
  3 dart slugs
  7 leopard geckos
  116 orcs
  3 ball pythons
  8 giant cockroaches
  17 goblins
  20 hobgoblins
  6 jackals
  39 kobolds
  6 quokkas
  9 bats
  10 frilled lizards
  A jackal skeleton (D:4)
  2 quokka skeletons
  6 rats
  A bush (Lair:5)
  3 fungi
  13 plants
  A spectral weapon (Lair:5)
704 creatures vanquished.

Vanquished Creatures (collateral kills)
  2 hydras
  An orc sorcerer (Orc:2)
  An efreet (D:10)
  A water moccasin (Lair:1)
  An ogre (D:10)
  A big kobold (D:10)
  An orc (Orc:1)
8 creatures vanquished.

Vanquished Creatures (others)
  An orc priest (Orc:2)
  An orc wizard (Orc:1)
  An orc (Orc:1)
  6 fungi
  8 plants
  3 spectral weapons
20 creatures vanquished.

Grand Total: 732 creatures vanquished

Notes
Turn   | Place    | Note
-------+----------+-------------------------------------------
     0 | D:1      | Lejonmanen the Draconian Wizard began the quest for the Orb.
     0 | D:1      | Reached XP level 1. HP: 14/14 MP: 4/4
   122 | D:1      | Reached XP level 2. HP: 19/20 MP: 0/6
   590 | D:1      | Reached XP level 3. HP: 26/26 MP: 0/7
   616 | D:1      | Noticed a centaur
   729 | D:1      | Learned a level 2 spell: Blink
   733 | D:1      | Learned a level 3 spell: Conjure Flame
   882 | D:1      | Reached skill level 1 in Short Blades
  1248 | D:2      | Reached XP level 4. HP: 33/33 MP: 5/8
  1538 | D:2      | Noticed Natasha
  1563 | D:2      | Killed Natasha
  2142 | D:2      | Noticed Natasha
  2146 | D:2      | Killed Natasha
  2146 | D:2      | Reached XP level 5. HP: 38/38 MP: 3/9
  2217 | D:3      | Noticed Robin
  2223 | D:3      | Killed Robin
  2225 | D:3      | Reached skill level 5 in Conjurations
  2634 | D:3      | Noticed Mirai's ghost (weakling DECj)
  2640 | D:3      | Killed Mirai's ghost
  2798 | D:3      | Reached XP level 6. HP: 42/45 MP: 10/10
  3075 | D:4      | Reached skill level 1 in Long Blades
  3495 | D:4      | Reached skill level 4 in Spellcasting
  3495 | D:4      | Your scales start taking on an icy white colour.
  3495 | D:4      | Reached XP level 7. HP: 50/50 MP: 12/13
  3495 | D:4      | Gained mutation: Your flesh is cold resistant. (rC+) [White Draconian growth]
  3500 | D:4      | Learned a level 3 spell: Mephitic Cloud
  3509 | D:4      | Found a stormy altar of Qazlal.
  3511 | D:4      | Became a worshipper of Qazlal Stormbringer
  3665 | D:5      | Entered Level 5 of the Dungeon
  3962 | D:4      | Reached skill level 5 in Spellcasting
  4074 | D:4      | Reached skill level 1 in Air Magic
  4084 | D:4      | Reached skill level 1 in Poison Magic
  4358 | D:5      | Found a bloodstained altar of Trog.
  4453 | D:6      | Reached XP level 8. HP: 48/57 MP: 15/15
  4464 | D:6      | Reached * piety under Qazlal
  4497 | D:6      | Reached skill level 1 in Axes
  4673 | D:5      | Learned a level 2 spell: Shroud of Golubria
  4677 | D:5      | Learned a level 3 spell: Regeneration
  4719 | D:5      | Found Powni's Armour Emporium.
  5016 | D:6      | Found a staircase to the Ecumenical Temple.
  5046 | Temple   | Entered the Ecumenical Temple
  5198 | D:6      | Found an ornate altar of the Wu Jian Council.
  5328 | D:6      | Reached skill level 6 in Spellcasting
  5447 | D:7      | Reached skill level 1 in Charms
  5447 | D:7      | Reached skill level 1 in Necromancy
  5645 | D:8      | Noticed a hippogriff
  5952 | D:7      | Noticed a brown ugly thing
  6156 | D:7      | Noticed a hippogriff
  6300 | D:7      | Noticed a death knight
  6405 | D:7      | Reached XP level 9. HP: 69/69 MP: 14/19
  6444 | D:7      | Reached skill level 7 in Spellcasting
  6672 | D:9      | Noticed a troll
  6782 | D:8      | Reached ** piety under Qazlal
  7104 | D:8      | Reached skill level 8 in Spellcasting
  7493 | D:8      | Reached *** piety under Qazlal
  7629 | D:7      | Reached XP level 10. HP: 78/78 MP: 22/22
  8036 | D:7      | Noticed a manticore
  8061 | D:7      | Killed a manticore
  8313 | D:6      | Learned a level 3 spell: Regeneration
  8319 | D:6      | Gained mutation: Your tail ends in a poisonous barb. [potion of mutation]
  8319 | D:6      | Gained mutation: You are clumsy. (Dex -2) [potion of mutation]
  8319 | D:6      | Gained mutation: You have a beak for a mouth. [potion of mutation]
  8319 | D:6      | Gained mutation: You can translocate small distances at will. [potion of mutation]
  8446 | D:8      | Reached skill level 9 in Spellcasting
  9373 | D:9      | Noticed a two-headed ogre
  9391 | D:9      | Killed a two-headed ogre
  9560 | D:9      | Reached **** piety under Qazlal
  9726 | D:9      | Reached skill level 10 in Spellcasting
  9877 | D:9      | Found a staircase to the Orcish Mines.
  9951 | D:10     | Entered Level 10 of the Dungeon
 10229 | D:10     | Noticed a seven-headed hydra
 10276 | Orc:1    | Entered Level 1 of the Orcish Mines
 10276 | Orc:1    | Noticed Autsider's ghost (journeyman GrFE)
 10309 | D:10     | Killed a seven-headed hydra
 10605 | D:10     | Reached skill level 5 in Fighting
 10605 | D:10     | Reached XP level 11. HP: 77/86 MP: 24/25
 10610 | D:10     | Reached skill level 1 in Invocations
 10788 | D:10     | Reached ***** piety under Qazlal
 10984 | D:10     | Reached skill level 5 in Dodging
 11308 | D:10     | Reached skill level 1 in Fire Magic
 11477 | D:11     | Noticed a green ugly thing
 11662 | D:10     | Found Qiep's General Store.
 11676 | D:10     | Bought a lamp of fire for 560 gold pieces
 11774 | D:11     | Killed a green ugly thing
 11774 | D:11     | Reached skill level 1 in Evocations
 11840 | D:11     | Noticed a red ugly thing
 12008 | D:11     | Reached skill level 5 in Poison Magic
 12093 | D:11     | Noticed Erolcha
 12112 | D:12     | Reached skill level 1 in Maces & Flails
 12230 | D:12     | Found Plog's Distillery.
 12246 | D:12     | Bought a potion of heal wounds for 60 gold pieces
 12304 | D:12     | Learned a level 3 spell: Spectral Weapon
 12546 | D:12     | Learned a level 4 spell: Summon Ice Beast
 12566 | D:11     | Noticed Urug
 13049 | D:2      | Noticed Natasha
 13058 | D:2      | Killed Natasha
 13718 | Orc:1    | Killed Autsider's ghost
 13878 | Orc:2    | Entered Level 2 of the Orcish Mines
 13904 | Orc:2    | Reached skill level 1 in Hexes
 13995 | Orc:2    | Noticed a two-headed ogre
 14018 | Orc:2    | Killed a two-headed ogre
 14088 | Orc:2    | Reached skill level 1 in Ice Magic
 14175 | Orc:2    | Noticed a stone giant
 14234 | Orc:2    | Killed a stone giant
 14234 | Orc:2    | Reached XP level 12. HP: 69/100 MP: 2/26
 14622 | Orc:2    | Noticed an orc warlord
 14625 | Orc:2    | Reached ****** piety under Qazlal
 14916 | Orc:2    | Paralysed by an orc sorcerer for 4 turns
 14921 | Orc:2    | Reached skill level 11 in Spellcasting
 15108 | Orc:2    | Reached skill level 5 in Long Blades
 15125 | Orc:2    | Killed an orc warlord
 15152 | Orc:2    | Noticed an orc high priest
 15176 | Orc:2    | Killed an orc high priest
 15333 | Orc:2    | Found a roughly hewn altar of Beogh.
 15355 | Orc:2    | Noticed an orc high priest
 15355 | Orc:2    | Found Adisoova's General Store.
 15375 | Orc:2    | Killed an orc high priest
 15425 | Orc:2    | Noticed an orc high priest
 15443 | Orc:2    | Killed an orc high priest
 15585 | Orc:2    | Noticed an orc high priest
 15597 | Orc:2    | Killed an orc high priest
 16117 | Orc:2    | Found a roughly hewn altar of Beogh.
 16133 | Orc:2    | Found Ipsaext's Book Emporium.
 16137 | Orc:2    | Found Canujo's Gadget Shoppe.
 16162 | Orc:2    | Bought a book of Conjurations for 420 gold pieces
 16165 | Orc:2    | Learned a level 2 spell: Searing Ray
 16170 | Orc:2    | Learned a level 4 spell: Iskenderun's Mystic Blast
 16958 | Orc:1    | Reached skill level 5 in Air Magic
 17501 | Orc:2    | Found a staircase to the Elven Halls.
 17579 | Orc:2    | Reached XP level 13. HP: 87/108 MP: 23/28
 17670 | Orc:2    | Found Tunes's Food Shop.
 17973 | D:11     | Killed Urug
 17973 | D:11     | Reached skill level 1 in Shields
 18406 | D:11     | Found a staircase to the Lair.
 18431 | D:11     | Reached skill level 12 in Spellcasting
 18519 | Lair:1   | Entered Level 1 of the Lair of Beasts
 18794 | D:11     | Killed Erolcha
 19410 | D:13     | Noticed Azrael
 19613 | D:12     | Got a steaming bone amulet
 19614 | D:12     | Identified the amulet "Mearoi" {Harm *Drain rN+} (You found it on level 12 of the Dungeon)
 21804 | Lair:2   | Found a white marble altar of Elyvilon.
 21894 | Lair:2   | Identified the Collected Works on Entrancing Attacks
 21901 | Lair:2   | Learned a level 4 spell: Sticky Flame
 22630 | Lair:3   | Found a hole to the Spider Nest.
 23317 | Lair:5   | Found a staircase to the Slime Pits.
 23366 | Lair:5   | Noticed inc's ghost (journeyman FeCK)
 23406 | Lair:5   | Killed inc's ghost
 23435 | Lair:5   | Reached XP level 14. HP: 88/118 MP: 13/30
 23474 | Lair:6   | Entered Level 6 of the Lair of Beasts
 23486 | Lair:6   | Noticed Kirke
 23803 | Orc:2    | Bought a book of Transfigurations for 770 gold pieces
 23809 | Orc:2    | Learned a level 5 spell: Irradiate
 24245 | Lair:4   | Noticed batai666's ghost (journeyman GrEE)
 24272 | Lair:4   | Slain by batai666's ghost

Skill      XL: |  1  2  3  4  5  6  7  8  9 10 11 12 13 |
---------------+----------------------------------------+-----
Conjurations   | 2 3 4 5 6 7 |  7.6
Short Blades   | 1 |  1.0
Long Blades    | 2 3 7 9 |  9.6
Spellcasting   | 4 5 6 8 10 11 12 | 12.8
Air Magic      | 2 3 4 5 |  5.0
Poison Magic   | 2 3 4 5 |  5.3
Translocations | 3 |  3.5
Axes           | 1 |  1.7
Charms         | 1 3 |  3.0
Necromancy     | 1 3 |  3.5
Fighting       | 3 4 5 7 8 9 |  9.1
Dodging        | 3 4 5 6 |  6.4
Invocations    | 3 |  3.3
Fire Magic     | 2 |  2.3
Evocations     | 2 |  2.0
Maces & Flails | 2 |  2.9
Hexes          | 1 |  1.0
Ice Magic      | 1 2 3 |  3.0
Summonings     | 2 3 |  3.0
Shields        | 2 |  2.4
Stealth        | |  1.7

Action                   |  1- 3 |  4- 6 |  7- 9 | 10-12 | 13-15 || total
-------------------------+-------+-------+-------+-------+-------++-------
Melee: Club              |    10 |       |       |       |       ||    10
       Tailslap          |     3 |    11 |    16 |   119 |    80 ||   229
       Unarmed           |     1 |       |       |       |       ||     1
       Short sword       |    24 |     3 |       |       |       ||    27
       Long sword        |       |    52 |   124 |   513 |   152 ||   841
       Spear             |       |       |     4 |       |       ||     4
       Mace              |       |       |       |   329 |       ||   329
       Peck              |       |       |       |   166 |    97 ||   263
       Staff             |       |       |       |     2 |       ||     2
       Scimitar          |       |       |       |       |   340 ||   340
Throw: Stone             |       |     6 |       |       |       ||     6
       Tomahawk          |       |       |       |     1 |       ||     1
 Cast: Magic Dart        |    82 |   169 |   305 |   310 |    19 ||   885
       Conjure Flame     |       |     4 |    12 |     8 |     4 ||    28
       Mephitic Cloud    |       |       |    62 |   251 |    56 ||   369
       Shroud of Golubri |       |       |     4 |    45 |    51 ||   100
       Regeneration      |       |       |     1 |    30 |    20 ||    51
       Blink             |       |       |     2 |    21 |    10 ||    33
       Spectral Weapon   |       |       |       |     5 |     1 ||     6
       Iskenderun's Myst |       |       |       |    13 |    69 ||    82
       Summon Ice Beast  |       |       |       |     1 |    10 ||    11
       Sticky Flame      |       |       |       |       |     2 ||     2
       Searing Ray       |       |       |       |       |     1 ||     1
Invok: Upheaval          |       |       |       |     3 |       ||     3
 Abil: Breathe Frost     |       |       |     3 |    17 |    11 ||    31
       Blink             |       |       |       |     1 |       ||     1
Evoke: Wand              |       |       |     8 |     5 |       ||    13
       Phial of floods   |       |       |       |     2 |       ||     2
       Phantom mirror    |       |       |       |     1 |       ||     1
       Lightning rod     |       |       |       |     5 |     6 ||    11
       Lamp of fire      |       |       |       |     1 |       ||     1
  Use: Scroll            |     1 |       |     6 |    13 |     6 ||    26
       Potion            |       |       |     3 |    16 |     1 ||    20
 Stab: Sleeping          |     3 |     1 |       |       |       ||     4
       Confused          |       |       |     7 |    47 |    19 ||    73
       Distracted        |       |       |       |       |     1 ||     1
  Eat: Chunk             |     1 |     7 |    12 |    25 |    18 ||    63
       Ration            |       |       |     1 |     4 |     2 ||     7
Armor: Skin              |    12 |    25 |    35 |   179 |   128 ||   379
Dodge: Dodged            |    36 |    55 |    58 |   355 |   203 ||   707
       Deflected         |       |       |       |    23 |     4 ||    27
Block: Other             |       |       |     7 |   194 |   123 ||   324
       Rpst.: Long sword |       |    15 |    14 |    36 |    12 ||    77
       Scimitar          |       |       |       |       |    31 ||    31
